 Dungeon Crawl Stone Soup version 0.28.0-53-g5a82cb258f (webtiles) character file.

Game seed: 2410245507906306761

20538 DemonSlayer the Slinger (level 12, -4/91 HPs)
             Began as a Demonspawn Fire Elementalist on July 31, 2022.
             Was the Champion of Cheibriados.
             Slain by a komodo dragon (14 damage)
             ... on level 1 of the Lair of Beasts.
             The game lasted 00:50:18 (18919 turns).

DemonSlayer the Slinger (DsFE)                     Turns: 18919, Time: 00:50:18

Health: -4/91      AC: 14    Str: 24    XL:     12   Next: 46%
Magic:  13/23      EV: 15    Int: 39    God:    Cheibriados [******]
Gold:   960        SH: 14    Dex: 30    Spells: 1/26 levels left

rFire   . . .      SeeInvis .   c - +7 hunting sling of Seomi {venom, Dex+2}
rCold   + . .      Faith    .   e - +3 buckler {reflect}
rNeg    . . .      Spirit   .   H - +0 troll leather armour
rPois   .          Reflect  +   x - +0 helmet
rElec   .          Harm     .   (no cloak)
rCorr   .          Rampage  .   B - +0 pair of gloves
Will    .....                   (no boots)
Stlth   +++.......              (no amulet)
HPRegen 1.05/turn               p - ring of protection from cold
MPRegen 0.18/turn               J - +4 ring of protection

@: lethally poisoned (-4 -> -71), about to teleport, marked, very slow
A: demonic guardian 1, icemail 1, big brain 1, condensation shield, weakness
stinger 2
a: Renounce Religion, Bend Time, Temporal Distortion, Slouch, Step From Time


You were on level 1 of the Lair of Beasts.
You worshipped Cheibriados.
Cheibriados was exalted by your worship.
You visited 3 branches of the dungeon, and saw 13 of its levels.
You also visited: Ossuary.

You collected 1324 gold pieces.
You spent 364 gold pieces at shops.

Inventory:

Hand Weapons
 c - the +7 hunting sling of Seomi (weapon) {venom, Dex+2}
   (You found it on level 3 of the Dungeon)

   Any ammunition fired from it poisons the flesh of those it strikes.
   Dex:       It affects your dexterity (+2).
 i - a +3 hand axe of freezing
 u - the +4 mace "Winnijoq" {venom, rN+ Int-2 Dex+3 Stlth+}
   (You found it on level 11 of the Dungeon)

   It poisons the flesh of those it strikes.
   Int:       It affects your intelligence (-2).
   Dex:       It affects your dexterity (+3).
   rN:        It protects you from negative energy.
   Stlth:     It makes you more stealthy.
Missiles
 m - 233 stones
 C - 12 sling bullets (quivered ammo)
Armour
 d - a +2 robe of positive energy
 e - a +3 buckler of reflection (worn)
 x - a +0 helmet (worn)
 B - a +0 pair of gloves (worn)
 D - a +2 chain mail of cold resistance
 H - a +0 troll leather armour (worn)
Jewellery
 p - a ring of protection from cold (left hand)
 E - a ring of willpower
 G - a ring of flight
 I - a ring of ice
 J - a +4 ring of protection (right hand)
Wands
 l - a wand of paralysis (10)
 y - a wand of digging (9)
 z - a wand of iceblast (14)
 F - a wand of acid (12)
 N - a wand of mindburst (7)
Scrolls
 a - a scroll of fog
 f - 2 scrolls of magic mapping
 g - 3 scrolls of teleportation
 r - 2 scrolls of torment
 t - 2 scrolls of vulnerability
 v - 2 scrolls of immolation
 K - a scroll of enchant armour
Potions
 b - 2 potions of flight
 h - a potion of brilliance
 j - 6 potions of attraction
 k - 3 potions of curing
 n - a potion of might
 q - a potion of cancellation
 s - 2 potions of lignification
 w - 2 potions of berserk rage
 M - a potion of mutation {unknown}
Miscellaneous
 L - a phantom mirror


   Skills:
 + Level 7.0 Fighting
 + Level 0.7(1.0) Axes
 + Level 0.8(1.2) Maces & Flails
 + Level 1.0(1.1) Staves
 + Level 11.4 Slings
 + Level 3.3 Armour
 + Level 4.0 Dodging
 + Level 4.1 Stealth
 + Level 4.0 Shields
 + Level 7.9 Spellcasting
 + Level 4.4 Conjurations
 + Level 8.4 Fire Magic
 + Level 0.1 Evocations


You had one spell level left.
You knew the following spells:

 Your Spells              Type           Power      Damage    Failure   Level
a - Foxfire               Conj/Fire      100%       2x1d9     1%          1
b - Scorch                Fire           100%       2d10      1%          2
c - Conjure Flame         Conj/Fire      60%        6-21      1%          3
d - Flame Wave            Conj/Fire      60%        2d12      2%          4
e - Sticky Flame          Conj/Fire      60%        2d8       2%          4
f - Starburst             Conj/Fire      30%        6d9       36%         6
g - Fireball              Conj/Fire      30%        3d13      7%          5

Your spell library contained the following spells:

 Spells                   Type           Power      Damage    Failure   Level
 Apportation              Tloc           30%        N/A       3%          1
 Inner Flame              Hex/Fire       48%        N/A       1%          3
 Ignite Poison            Fire/Tmut/Pois 37%        N/A       3%          3
 Corpse Rot               Necr/Air       30%        N/A       5%          2
 Poisonous Vapours        Pois/Air       30%        N/A       5%          2
 Sublimation of Blood     Necr           15%        N/A       5%          2
 Wereblood                Tmut           15%        N/A       5%          2
 Alistair's Intoxication  Tmut/Pois      10%        N/A       67%         5
 Summon Hydra             Summ           7%         N/A       100%        7
 Ignition                 Fire           34%        3d11      100%        8


Dungeon Overview and Level Annotations

Branches:
Dungeon (11/15)            Temple (1/1) D:4            Lair (1/6) D:11
    Orc (0/2) D:11        Ossuary (visited)

Altars:
Ashenzari
Cheibriados
Dithmenos
Elyvilon
Fedhas
Gozag
Hepliaklqana
Kikubaaqudgha
Makhleb
Nemelex Xobeh
Okawaru
Qazlal
Ru
Sif Muna
Trog
Uskayaw
Vehumet
Wu Jian
Xom
Yredelemnul
Zin
The Shining One

Shops:
D:2 [

Portals:
Gauntlet: Lair:1

Annotations:
D:10 1 transporter, fleeber's ghost, novice MiBe


Innate Abilities, Weirdness & Mutations

A weak demonic guardian rushes to your aid.
A meltable icy envelope protects you from harm. (AC +4)
You have an unusually large brain. (Int +2)
A meltable shield of frost defends you. (SH +4)
You have a tail ending in a sharp stinger.


Message History

* * * LOW HITPOINT WARNING * * *
The komodo dragon bites you but does no damage.
You block the wolf spider's attack. x2
Your Fighting skill increases to level 7!
Unknown command.
Unknown command.
Unknown command.
Unknown command.
As you read the scroll of teleportation, it crumbles to dust.
You feel strangely unstable.
You feel very sick.
The blink frog blinks!
The cane toad closely misses you. The wolf spider barely misses you.
The wolf spider bites you.
* * * LOW HITPOINT WARNING * * *
You are lethally poisoned!
The wolf spider poisons you! You block the blink frog's attack.
The cane toad stings you!
* * * LOW HITPOINT WARNING * * *
A demonic guardian appears!
The komodo dragon barely misses you. The komodo dragon bites you.
* * * LOW HITPOINT WARNING * * *
The cane toad stings you but does no damage.
A yak comes into view.
Unknown command.
Unknown command.
Unknown command.
Unknown command.
Unknown command.
You feel much better.
* * * LOW HITPOINT WARNING * * *
You feel extremely sick. The wolf spider closely misses you.
The wolf spider bites you.
* * * LOW HITPOINT WARNING * * *
You are more poisoned.
The wolf spider poisons you! The blink frog hits you.
* * * LOW HITPOINT WARNING * * *
The blink frog blinks!
A yak comes into view.
You block the cane toad's attack. The komodo dragon bites you!
You die...

,,,,,,,,****,,,,**,,,,,* *,,,,,,*
,*,**,,,,*,,,,,##Y##,,,****,,,,,,
********,..8,,*#...#,,,*,**,,,,,*
**...***#.F.#*,,,***,,*,**
##.Y####...##,,.,**,,****
#.#.Y....∩..##..***,,*
#...#.Y4.....l..,*,,,* **
#......l§sS.#*,>,*,,,**** ,*
#.....FF@lFP#*,,,,,,,,,,*
,****#***#.#..lF#####******,,,,,,
,,,,,..#####.FF## *,,*,,,,,,
,,,,*#....#.(..# **,*,,,,,*
,,,****,#.....##### *,**,,,*,
*,** **###(......#* *,**,,,,*
####* ###...#.P...#* **,***,,,,
..#.* #......####..#***,,,****,,
#...#####...####*,,.F,,,,,,,**,,,


You could see a wolf spider, 3 komodo dragons, 4 yaks, 3 cane toads, a basilisk,
3 blink frogs, a bullfrog, an adder and a friendly orange demon (summoned).

Vanquished Creatures
  Erolcha (D:10)
  Harold (D:10)
  Fannar (D:10)
  A hydra (D:11)
  3 two-headed ogres
  An orc knight (D:11)
  A manticore (D:11)
  A gargoyle (D:11)
  2 trolls
  2 hornets
  Prince Ribbit (D:9)
  4 slime creatures (D:9)
  A blink frog (Lair:1)
  2 meliai zombies
  2 shadows
  A wraith (D:10)
  Sigmund (D:3)
  2 wyverns (D:11)
  38 yaks
  A steam dragon (D:9)
  2 basilisks (D:11)
  2 acid dragons (D:10)
  6 water moccasins
  11 orc warriors
  A black bear (D:8)
  A sky beast (D:7)
  An ice beast (D:7)
  An ogre (D:6)
  3 necrophages
  3 wolves (Lair:1)
  6 centaurs
  2 bullfrogs (D:6)
  A kobold brigand (D:9)
  11 scorpions (Ossuary)
  2 water moccasin zombies (D:5)
  A wyvern skeleton (D:6)
  4 electric eels (D:11)
  3 centaur zombies
  2 hounds
  2 jellies (D:6)
  8 orc priests
  A centaur skeleton (D:7)
  A gnoll shaman (D:9)
  3 iguanas
  19 orc wizards
  7 scorpion zombies (Ossuary)
  A hound skeleton (D:5)
  3 mummies (Ossuary)
  2 howler monkey skeletons
  2 howler monkey zombies
  Robin (D:3)
  10 gnolls
  8 adders
  A shadow imp (D:8)
  A white imp (D:7)
  2 dart slugs
  46 orcs
  4 endoplasms
  4 giant cockroaches
  16 goblins
  10 hobgoblins
  12 jackals
  4 quokkas
  7 ball pythons
  A bat (D:1)
  A frilled lizard (D:1)
  A gnoll zombie (Ossuary)
  4 goblin zombies (Ossuary)
  A hobgoblin zombie (Ossuary)
  10 kobolds
  6 kobold zombies (Ossuary)
  An orc zombie (Ossuary)
  A quokka skeleton (D:4)
  8 rats
339 creatures vanquished.

Vanquished Creatures (collateral kills)
  2 orcs (D:11)
  2 foxfires (D:11)
4 creatures vanquished.

Vanquished Creatures (others)
  A bush (D:11)
  328 foxfires
  6 fungi
  41 plants
376 creatures vanquished.

Grand Total: 719 creatures vanquished

Notes
Turn   | Place    | Note
-------+----------+-------------------------------------------
     0 | D:1      | DemonSlayer the Demonspawn Fire Elementalist began the
                  | quest for the Orb.
     0 | D:1      | Reached XP level 1. HP: 13/13 MP: 3/3
   213 | D:1      | Found a faded altar of an unknown god.
  1004 | D:1      | Gained mutation: You have an unusually large brain. (Int
                  | +2) [demonic ancestry]
  1004 | D:1      | Reached XP level 2. HP: 14/19 MP: 0/5
  1007 | D:1      | Learned a level 2 spell: Scorch
  2264 | D:2      | Found a shimmering blue altar of Sif Muna.
  2335 | D:2      | Gained mutation: A meltable shield of frost defends you.
                  | (SH +4) [demonic ancestry]
  2335 | D:2      | Reached XP level 3. HP: 24/24 MP: 1/6
  2423 | D:2      | Found Vagrimo's Armour Emporium.
  3217 | D:2      | Learned a level 3 spell: Conjure Flame
  3299 | D:3      | Noticed Sigmund
  3328 | D:4      | Reached XP level 4. HP: 5/30 MP: 2/7
  4704 | D:3      | Identified the +7 hunting sling of Seomi {venom, Dex+2}
  4964 | D:3      | Killed Sigmund
  4965 | D:3      | Reached skill level 1 in Staves
  4965 | D:3      | Reached skill level 1 in Shields
  4965 | D:3      | Reached XP level 5. HP: 36/36 MP: 7/9
  5162 | D:3      | Noticed Robin
  5166 | D:3      | Reached XP level 6. HP: 39/42 MP: 10/10
  5417 | D:4      | Found a staircase to the Ecumenical Temple.
  5422 | D:4      | Reached skill level 1 in Slings
  5434 | Temple   | Entered the Ecumenical Temple
  5903 | Temple   | Became a worshipper of Cheibriados the Contemplative
  6351 | D:4      | Found an ancient bone altar of Kikubaaqudgha.
  6744 | D:4      | Learned a level 4 spell: Flame Wave
  6752 | D:4      | Identified a scroll of acquirement
  6752 | D:4      | Acquired 737 gold pieces
  6816 | D:2      | Bought a +2 robe of positive energy for 161 gold pieces
  6816 | D:2      | Bought a +2 buckler of reflection for 203 gold pieces
  6886 | D:3      | Killed Robin
  6937 | D:3      | Found the +2 ratskin cloak {*Rats rPois rN+ Str-1 Int-1
                  | Dex+1}
  7027 | D:3      | Reached skill level 1 in Fighting
  7161 | D:5      | Entered Level 5 of the Dungeon
  7188 | D:5      | Found a shimmering blue altar of Sif Muna.
  7247 | D:5      | Reached skill level 2 in Slings
  7333 | D:5      | Reached * piety under Cheibriados
  7334 | D:5      | Reached skill level 3 in Slings
  7334 | D:5      | Gained mutation: You have a small tail. [demonic ancestry]
  7334 | D:5      | Reached XP level 7. HP: 48/48 MP: 4/11
  8436 | D:6      | Reached skill level 4 in Slings
  8559 | D:6      | Reached skill level 5 in Fire Magic
  8559 | D:6      | Reached XP level 8. HP: 35/54 MP: 12/14
  9138 | D:6      | Reached skill level 5 in Slings
  9539 | D:6      | Learned a level 4 spell: Sticky Flame
  9571 | D:7      | Found a sand-covered staircase.
  9588 | D:7      | Reached ** piety under Cheibriados
  9725 | Ossuary  | Entered an ossuary
  9843 | Ossuary  | Reached skill level 5 in Spellcasting
  9856 | Ossuary  | Gained mutation: A weak demonic guardian rushes to your
                  | aid. [demonic ancestry]
  9856 | Ossuary  | Reached XP level 9. HP: 18/62 MP: 16/16
 10220 | Ossuary  | Reached skill level 6 in Slings
 10574 | Ossuary  | Reached *** piety under Cheibriados
 10826 | Ossuary  | Learned a level 5 spell: Alistair's Intoxication
 11559 | D:7      | Reached skill level 7 in Slings
 11895 | D:7      | Found a basalt altar of Yredelemnul.
 12242 | D:7      | Gained mutation: You have a tail ending in a sharp stinger.
                  | [demonic ancestry]
 12242 | D:7      | Reached XP level 10. HP: 70/70 MP: 19/19
 12639 | D:8      | Reached **** piety under Cheibriados
 12911 | D:8      | Found an iron altar of Okawaru.
 13767 | D:9      | Reached skill level 8 in Slings
 14154 | D:9      | Found a blossoming altar of Fedhas.
 14435 | D:9      | Noticed Prince Ribbit
 14440 | D:9      | Killed Prince Ribbit
 14575 | D:9      | Reached ***** piety under Cheibriados
 14786 | D:9      | Reached skill level 9 in Slings
 14805 | D:9      | Gained mutation: A meltable icy envelope protects you from
                  | harm. (AC +4) [demonic ancestry]
 14805 | D:9      | Reached XP level 11. HP: 78/78 MP: 16/21
 14967 | D:9      | Learned a level 5 spell: Fireball
 14981 | D:10     | Entered Level 10 of the Dungeon
 14988 | D:10     | Noticed Fannar
 14999 | D:10     | Killed Fannar
 15087 | D:10     | Reached skill level 5 in Fighting
 15246 | D:10     | Noticed Harold
 15265 | D:10     | Killed Harold
 15266 | D:10     | Reached skill level 1 in Armour
 15446 | D:10     | Noticed a two-headed ogre
 15538 | D:10     | Found a radiant altar of Vehumet.
 15558 | D:10     | Noticed a two-headed ogre
 15560 | D:10     | Noticed fleeber's ghost (novice MiBe)
 15561 | D:10     | Noticed a two-headed ogre
 15564 | D:10     | Found a transporter.
 15564 | D:10     | Identified the +5 dire flail of Wu Jian's Displeasure
                  | {drain, *Noise rN+++ Dex-2 SInv}
 15564 | D:10     | Identified the +1 giant spiked club of Yqalenkouru {venom,
                  | rCorr}
 15564 | D:10     | Noticed a two-headed ogre
 15568 | D:10     | Noticed a two-headed ogre
 15592 | D:10     | Killed a two-headed ogre
 15634 | D:10     | Noticed Erolcha
 15653 | D:10     | Killed Erolcha
 15654 | D:10     | Reached skill level 10 in Slings
 15956 | D:10     | Noticed a two-headed ogre
 15966 | D:10     | Killed a two-headed ogre
 16823 | D:11     | Found a staircase to the Lair.
 16907 | D:11     | Identified the +4 mace "Winnijoq" {venom, rN+ Int-2 Dex+3
                  | Stlth+}
 17053 | D:11     | Reached ****** piety under Cheibriados
 17055 | D:11     | Noticed a two-headed ogre
 17066 | D:11     | Reached XP level 12. HP: 88/88 MP: 23/23
 17076 | D:11     | Killed a two-headed ogre
 17079 | D:11     | HP: 2/88 [disintegration (14)]
 17292 | D:11     | Reached skill level 11 in Slings
 18039 | D:11     | Noticed an eight-headed hydra
 18050 | D:11     | Killed an eight-headed hydra
 18684 | D:11     | Found a staircase to the Orcish Mines.
 18863 | D:11     | Learned a level 6 spell: Starburst
 18870 | Lair:1   | Entered Level 1 of the Lair of Beasts
 18908 | Lair:1   | Found a gate leading to a gauntlet.
 18919 | Lair:1   | Slain by a komodo dragon

Illustrated notes

Levels and vault maps discovered:
D:1:      onia_arrival_handbag, layout_loops_ring,
          shapermc_ecumenical_altar_petra, kennysheep_doodads
D:2:      layout_basic, serial_shops, nicolae_shop_trees, basic_altar,
          minmay_fractal_squares_gapless_5
D:3:      layout_rooms, uniq_robin, uniq_sigmund
D:4:      layout_gridville, mainiacjoe_overflow_six_doors_small,
          minmay_temple_entry_sparse_star
D:5:      layout_loops_ring, nicolae_sif_muna_little_library
D:6:      layout_loops_ring
D:7:      layout_gridville, mainiacjoe_overflow_tiny_flanked,
          mainiacjoe_overflow_boulevard, nicolae_ossuary_entry_ruins,
          nicolae_figureground_pulse
D:8:      layout_basic, okawaru_altar_gauntlet_db
D:9:      layout_gridville, mainiacjoe_overflow_24_doors, uniq_prince_ribbit1
D:10:     layout_irregular_city, mainiacjoe_overflow_big_doors,
          gammafunk_ghost_smash, uniq_erolcha, uniq_fannar, uniq_harold
D:11:     layout_roguey, minmay_lair_entry_grove, erik_orc_2
Temple:   eino_temple_water
Lair:1:   minmay_lair_venomous_thicket, layout_misc_corridors,
          gauntlet_entry_generic, serial_bayou_shore_b, grunt_megastairs_4

Skill      XL: |  1  2  3  4  5  6  7  8  9 10 11 12 |
---------------+-------------------------------------+-----
Fire Magic     | 3 4 5 6 7 8 |  8.4
Conjurations   | 2 3 4 |  4.4
Staves         | 1 |  1.0
Dodging        | 2 3 4 |  4.0
Stealth        | 2 3 4 |  4.1
Shields        | 1 2 3 4 |  4.0
Slings         | 3 4 5 7 9 10 11 | 11.4
Spellcasting   | 3 4 5 6 7 |  7.9
Fighting       | 1 2 3 4 6 7 |  7.0
Armour         | 2 3 |  3.3
Axes           | |  0.7
Maces & Flails | |  0.8
Evocations     | |  0.1

Action                   |  1- 3 |  4- 6 |  7- 9 | 10-12 || total
-------------------------+-------+-------+-------+-------++-------
Melee: Staff             |    25 |    27 |       |       ||    52
       Punch             |       |     1 |       |       ||     1
       Hand axe          |       |       |     8 |    10 ||    18
       Tailslap          |       |       |     1 |     4 ||     5
       Hunting sling     |       |       |       |     1 ||     1
       Mace              |       |       |       |     6 ||     6
 Fire: Hunting sling     |       |   103 |   214 |   468 ||   785
 Cast: Foxfire           |   116 |    26 |     6 |    60 ||   208
       Scorch            |     3 |    11 |    65 |     7 ||    86
       Sticky Flame      |       |       |     1 |    48 ||    49
       Fireball          |       |       |       |     2 ||     2
       Flame Wave        |       |       |       |     4 ||     4
       Conjure Flame     |       |       |       |     1 ||     1
Evoke: Wand              |       |     2 |       |       ||     2
  Use: Scroll            |     4 |     9 |    15 |    10 ||    38
       Potion            |     2 |     1 |     5 |     5 ||    13
 Stab: Invisible         |     1 |       |       |       ||     1
       Paralysed         |       |     7 |       |       ||     7
Armor: Robe              |     5 |     9 |    18 |     4 ||    36
       Troll leather arm |       |       |       |    44 ||    44
Dodge: Dodged            |    21 |    43 |    52 |    80 ||   196
Block: Other             |     6 |    11 |       |       ||    17
       Buckler           |       |     2 |    60 |   115 ||   177
       Reflection        |       |       |     4 |     6 ||    10
